 Dungeon Crawl Stone Soup version 0.30-a0-6-g7c9e10e132 (webtiles) character file.

Game seed: 5435261955065648142

28 SensoryNuts the Trooper (level 3, -5/40 HPs)
             Began as an Ogre Fighter on Aug 22, 2022.
             Slain by a gnoll
             ... wielding a +0 whip
              (9 damage)
             ... on level 2 of the Dungeon.
             The game lasted 00:00:40 (1041 turns).

SensoryNuts the Trooper (Ogre Fighter)              Turns: 1041, Time: 00:00:41

Health: -5/40      AC:  3    Str: 22    XL:     3   Next: 12%
Magic:  3/3        EV:  8    Int:  9    God:
Gold:   61         SH:  7    Dex:  8    Spells: 2/2 levels left

rFire   . . .      SeeInvis .    a - +0 war axe
rCold   . . .      Faith    .    c - +0 kite shield
rNeg    . . .      Spirit   .    b - +0 robe
rPois   .          Reflect  .    (helmet restricted)
rElec   .          Harm     .    (no cloak)
rCorr   .          Rampage  .    (gloves unavailable)
Will    .....                    (boots unavailable)
Stlth   +.........               (no amulet)
HPRegen 0.13/turn                (no ring)
MPRegen 0.08/turn                (no ring)

@: mighty
A: large, unfitting armour, tough skin 1
a: no special abilities


You were on level 2 of the Dungeon.
You visited 1 branch of the dungeon, and saw 2 of its levels.

You collected 61 gold pieces.

Inventory:

Hand Weapons
 a - a +0 war axe (weapon)
Armour
 b - a +0 robe (worn)
 c - a +0 kite shield (worn)
Jewellery
 i - a ring of ice
Scrolls
 f - a scroll of blinking {unknown}
 g - a scroll of magic mapping {unknown}
 h - a scroll of vulnerability {unknown}
Potions
 e - a potion of curing {unknown}


   Skills:
 + Level 4.5 Fighting
 + Level 2.1 Axes
 + Level 3.1 Dodging
 + Level 3.3 Shields


You had 2 spell levels left.
You didn't know any spells.
Your spell library contained the following spells:

 Spells                   Type           Power      Damage    Failure   Level
 Slow                     Hex            0%         N/A       67%         1
 Confusing Touch          Hex            0%         N/A       96%         3
 Summon Guardian Golem    Hex/Summ       0%         N/A       96%         3
 Vampiric Draining        Necr           0%         2d6       96%         3
 Orb of Destruction       Conj           0%         9d5       100%        7
 Spellforged Servitor     Conj/Summ      0%         N/A       100%        7


Dungeon Overview and Level Annotations

Branches:
Dungeon (2/15)

Altars:


Innate Abilities, Weirdness & Mutations

You are too large for most types of armour.
You have tough skin. (AC +1)


Message History

The gnoll shouts! x2; You hear a shout!
A gnoll comes into view. It is wielding a +0 whip.
The gnoll moves out of view.
There are monsters nearby!
There are monsters nearby!
There are monsters nearby!
A ball python and a gnoll come into view.
The ball python hisses angrily.
The gnoll shouts! x2
You hit the gnoll.
The gnoll is lightly wounded.
The gnoll hits you with a +0 whip!
You closely miss the gnoll.
The gnoll is lightly wounded.
You block the gnoll's attack. The gnoll closely misses you.
The gnoll barely misses you.
You barely miss the gnoll.
The gnoll is lightly wounded.
The gnoll hits you from afar with a +0 spear.
The gnoll barely misses you.
You hit the gnoll but do no damage.
The gnoll is lightly wounded.
The gnoll hits you but does no damage. You block the gnoll's attack.
The gnoll hits you with a +0 whip.
The gnoll hits you from afar with a +0 spear!
You barely miss the gnoll. The gnoll closely misses you. x2
The gnoll hits you with a +0 whip. You block the gnoll's attack.
You hit the gnoll.
The gnoll is lightly wounded.
The gnoll hits you from afar with a +0 spear.
* * * LOW HITPOINT WARNING * * *
The gnoll barely misses you.
You feel very mighty all of a sudden. The gnoll barely misses you.
The gnoll hits you with a +0 whip.
* * * LOW HITPOINT WARNING * * *
You barely miss the gnoll.
The gnoll is lightly wounded.
The gnoll hits you from afar with a +0 spear.
* * * LOW HITPOINT WARNING * * *
The gnoll barely misses you. The gnoll hits you with a +0 whip!
You die...

#.# ###.#
#...# #.###
#.# #.# #.#
#.# #@# #g#
#g# # #g#
.## ##S##
.g.##
#.g.#..g..#
#.....g.>..
#...#.....#
######.....


You could see 4 gnolls and a ball python.

Vanquished Creatures
  An adder (D:2)
  2 endoplasms (D:1)
  A giant cockroach (D:1)
  A hobgoblin (D:1)
  2 jackals (D:2)
  3 ball pythons
  3 bats (D:1)
  3 goblins (D:1)
  2 kobolds
18 creatures vanquished.

Notes
Turn   | Place    | Note
-------+----------+-------------------------------------------
     0 | D:1      | SensoryNuts the Ogre Fighter began the quest for the Orb.
     0 | D:1      | Reached XP level 1. HP: 24/24 MP: 1/1
   241 | D:1      | Reached XP level 2. HP: 25/32 MP: 2/2
   411 | D:1      | Found a faded altar of an unknown god.
   874 | D:2      | Reached XP level 3. HP: 28/40 MP: 3/3
  1041 | D:2      | Slain by a gnoll

Illustrated notes

Levels and vault maps discovered:
D:1:      saegor_arrival_simple_b, layout_basic,
          chequers_ecumenical_altar_simple_redux
D:2:      layout_loops_ring, minmay_pentomino_s4

Skill      XL: |  1  2 |
---------------+-------+-----
Dodging        | 3 |  3.1
Fighting       | |  4.5
Axes           | |  2.1
Shields        | |  3.3

Action                   || total
-------------------------++-------
Melee: War axe           ||    56
  Use: Potion            ||     1
Armor: Robe              ||    15
Dodge: Dodged            ||    26
Block: Kite shield       ||    23

Table legend: (Time is in decaauts)
 A = Elapsed time spent in this place.
 B = Non-inter-level travel time spent in this place.
 C = Inter-level travel time spent in this place.
 D = Time resting spent in this place.
 E = Time spent auto-exploring this place.
 F = Levels seen in this place.
 G = Mean time per level.
                   A        B        C        D        E       F      G
               +--------+--------+--------+--------+--------+-----+--------+
         Total |   1070 |   1031 |     39 |      0 |    869 |   2 |  535.0 |
       Dungeon |   1070 |   1031 |     39 |      0 |    869 |   2 |  535.0 |
               +--------+--------+--------+--------+--------+-----+--------+

Top non-repeatable levels by time:
     D:1: 713 daAuts
     D:2: 356 daAuts
